[ AOE2 MATCH · #495573586 ]
UnrankedMagyars vs Mongols
Player's team · WIN
Rival team · LOSS
[ REPLAY ANALYSIS · EXTRACTED FROM THE RECORDED GAME ]
Feudal
9:16
Castle
18:58
Imperial
34:08
| APM avg | 80.3 |
| APM peak | 132 |
| eAPM avg | 39.2 |
| Villagers / military | 170 / 135 |
Focus
⚔️ 48.9% · 🌾 51.1%
Cavalry Archer ×61 · Magyar Huszar ×50 · Skirmisher ×11 · Trebuchet (Packed) ×7 · Monk ×2 · Mangonel ×2
Feudal
8:26
Castle
19:01
Imperial
36:01
| APM avg | 86.7 |
| APM peak | 117 |
| eAPM avg | 35.6 |
| Villagers / military | 156 / 324 |
Focus
⚔️ 49.8% · 🌾 50.2%
Skirmisher ×138 · Scout Cavalry ×112 · Mangudai ×47 · Camel Scout ×19 · Militia ×3 · Spearman ×2
Match map
Initial resources + every placement click. Lines = walls · curves = elevation contours. ◆ gold · ⬟ stone · ● berries · ✦ relic · ◌ wall gap
Your base· ✓ Closed at 18:58 · 54t walls · no gate
unfold's base· ✓ Closed at 19:01 · 39t walls · no gate
Smoothed initial terrain · ◌ = detected wall gap · hover for details
Inputs per minute
— Zionic - - unfold
Build order — Zionic
First 150 of 547 actions detected
| 0:01 | Create | Villager (Male) |
| 0:02 | Build | House |
| 0:03 | Build | House |
| 0:13 | Create | Villager (Male) |
| 0:18 | Create | Villager (Male) |
| 0:18 | Create | Villager (Male) |
| 0:19 | Create | Villager (Male) |
| 0:19 | Create | Villager (Male) |
| 1:26 | Create | Villager (Male) |
| 1:26 | Create | Villager (Male) |
| 1:45 | Create | Villager (Male) |
| 1:46 | Create | Villager (Male) |
| 2:13 | Create | Villager (Male) |
| 2:14 | Create | Villager (Male) |
| 2:30 | Build | Lumber Camp |
| 2:36 | Build | House |
| 2:51 | Create | Villager (Male) |
| 3:16 | Create | Villager (Male) |
| 3:16 | Create | Villager (Male) |
| 3:36 | Create | Villager (Male) |
| 3:36 | Create | Villager (Male) |
| 4:01 | Create | Villager (Male) |
| 4:01 | Create | Villager (Male) |
| 4:01 | Create | Villager (Male) |
| 4:20 | Create | Villager (Male) |
| 4:20 | Create | Villager (Male) |
| 4:34 | Create | Villager (Male) |
| 4:59 | Create | Villager (Male) |
| 5:09 | Build | Mill |
| 5:38 | Create | Villager (Male) |
| 5:39 | Research | Loom |
| 6:38 | Research | Loom |
| 6:38 | Research | Loom |
| 6:51 | Research | Feudal Age |
| 6:51 | Research | Feudal Age |
| 7:11 | Build | Lumber Camp |
| 7:30 | Build | Palisade Wall |
| 8:19 | Build | Barracks |
| 8:26 | Build | House |
| 8:28 | Build | Palisade Wall |
| 8:29 | Build | Palisade Wall |
| 8:32 | Build | Palisade Wall |
| 8:34 | Build | Palisade Wall |
| 8:40 | Build | Palisade Wall |
| 8:45 | Create | Villager (Male) |
| 8:48 | Build | Palisade Wall |
| 8:50 | Build | House |
| 8:51 | Build | Palisade Wall |
| 8:52 | Build | Palisade Wall |
| 9:16 | Age | Feudal Age |
| 9:21 | Build | Archery Range |
| 9:31 | Research | Double-Bit Axe |
| 9:38 | Create | Villager (Male) |
| 9:53 | Build | Palisade Wall |
| 9:55 | Build | Palisade Wall |
| 9:57 | Create | Villager (Male) |
| 10:01 | Build | House |
| 10:05 | Build | Palisade Wall |
| 10:16 | Create | Archer |
| 10:29 | Create | Villager (Male) |
| 10:36 | Create | Villager (Male) |
| 10:38 | Build | Farm |
| 10:47 | Build | Farm |
| 10:52 | Create | Villager (Male) |
| 10:57 | Create | Skirmisher |
| 10:57 | Create | Skirmisher |
| 10:59 | Create | Villager (Male) |
| 11:13 | Build | Palisade Wall |
| 11:16 | Create | Villager (Male) |
| 11:20 | Create | Villager (Male) |
| 11:29 | Build | Palisade Wall |
| 11:51 | Create | Villager (Male) |
| 11:55 | Create | Skirmisher |
| 12:10 | Build | Farm |
| 12:18 | Build | Farm |
| 12:34 | Build | House |
| 12:43 | Build | Palisade Wall |
| 12:56 | Build | Farm |
| 13:03 | Create | Villager (Male) |
| 13:12 | Build | House |
| 13:13 | Build | Palisade Wall |
| 13:21 | Build | Farm |
| 13:32 | Build | Palisade Wall |
| 13:37 | Build | Farm |
| 13:48 | Create | Villager (Male) |
| 13:55 | Build | Palisade Wall |
| 13:57 | Build | Palisade Wall |
| 14:09 | Create | Villager (Male) |
| 14:17 | Build | Farm |
| 14:19 | Build | Farm |
| 14:34 | Build | Mining Camp |
| 15:03 | Create | Villager (Male) |
| 15:04 | Create | Villager (Male) |
| 15:16 | Build | Blacksmith |
| 15:34 | Create | Villager (Male) |
| 15:43 | Create | Skirmisher |
| 15:44 | Create | Skirmisher |
| 15:50 | Create | Villager (Male) |
| 16:16 | Research | Castle Age |
| 16:16 | Research | Castle Age |
| 16:23 | Research | Padded Archer Armor |
| 16:35 | Create | Skirmisher |
| 16:49 | Research | Fletching |
| 16:49 | Research | Fletching |
| 16:50 | Create | Skirmisher |
| 16:50 | Create | Skirmisher |
| 16:59 | Create | Skirmisher |
| 17:07 | Create | Skirmisher |
| 17:16 | Create | Skirmisher |
| 17:33 | Build | House |
| 18:00 | Research | Padded Archer Armor |
| 18:12 | Build | Archery Range |
| 18:14 | Build | Stable |
| 18:46 | Create | Villager (Male) |
| 18:47 | Research | Gold Mining |
| 18:49 | Research | Horse Collar |
| 18:58 | Age | Castle Age |
| 19:01 | Create | Cavalry Archer |
| 19:01 | Create | Cavalry Archer |
| 19:05 | Create | Cavalry Archer |
| 19:07 | Research | Bloodlines |
| 19:07 | Create | Villager (Male) |
| 19:10 | Build | Town Center |
| 19:18 | Create | Cavalry Archer |
| 19:31 | Build | House |
| 19:31 | Build | House |
| 19:33 | Build | House |
| 19:44 | Build | Farm |
| 19:44 | Build | Farm |
| 19:45 | Build | Farm |
| 19:49 | Create | Villager (Male) |
| 19:57 | Create | Villager (Male) |
| 19:59 | Create | Cavalry Archer |
| 20:06 | Create | Knight |
| 20:16 | Create | Villager (Male) |
| 20:20 | Create | Villager (Male) |
| 20:29 | Create | Cavalry Archer |
| 20:41 | Create | Villager (Male) |
| 20:41 | Create | Villager (Male) |
| 20:46 | Create | Villager (Male) |
| 20:49 | Build | Farm |
| 21:06 | Create | Cavalry Archer |
| 21:10 | Create | Villager (Male) |
| 21:15 | Create | Villager (Male) |
| 21:15 | Create | Villager (Male) |
| 21:19 | Build | Farm |
| 21:25 | Build | Farm |
| 21:25 | Build | Farm |
| 21:26 | Build | Farm |
| 21:31 | Create | Villager (Male) |
Build order — unfold
First 150 of 577 actions detected
| 0:00 | Create | Villager (Male) |
| 0:01 | Create | Villager (Male) |
| 0:01 | Create | Villager (Male) |
| 0:03 | Build | House |
| 0:04 | Build | House |
| 0:05 | Build | House |
| 0:14 | Create | Villager (Male) |
| 1:24 | Create | Villager (Male) |
| 1:24 | Create | Villager (Male) |
| 1:54 | Create | Villager (Male) |
| 1:55 | Create | Villager (Male) |
| 2:02 | Build | Lumber Camp |
| 2:31 | Create | Villager (Male) |
| 2:32 | Create | Villager (Male) |
| 2:35 | Build | House |
| 3:09 | Create | Villager (Male) |
| 3:10 | Create | Villager (Male) |
| 3:13 | Create | Villager (Male) |
| 3:14 | Create | Villager (Male) |
| 3:55 | Create | Villager (Male) |
| 4:01 | Create | Villager (Male) |
| 4:01 | Create | Villager (Male) |
| 4:37 | Create | Villager (Male) |
| 4:38 | Create | Villager (Male) |
| 4:39 | Create | Villager (Male) |
| 5:04 | Build | Barracks |
| 5:17 | Research | Loom |
| 5:26 | Build | House |
| 6:07 | Research | Feudal Age |
| 6:07 | Create | Militia |
| 6:24 | Create | Militia |
| 6:27 | Build | House |
| 6:41 | Create | Militia |
| 6:51 | Build | Mill |
| 8:26 | Age | Feudal Age |
| 8:26 | Create | Villager (Male) |
| 8:27 | Research | Man-at-Arms (upgrade) |
| 8:28 | Research | Double-Bit Axe |
| 8:28 | Create | Spearman |
| 8:36 | Create | Villager (Male) |
| 8:49 | Create | Spearman |
| 9:09 | Create | Villager (Male) |
| 9:10 | Build | Farm |
| 9:12 | Build | Farm |
| 9:14 | Build | Farm |
| 9:20 | Create | Villager (Male) |
| 9:28 | Build | Archery Range |
| 9:30 | Create | Villager (Male) |
| 9:42 | Build | House |
| 9:44 | Create | Villager (Male) |
| 9:50 | Build | Farm |
| 9:55 | Create | Villager (Male) |
| 10:14 | Build | House |
| 10:23 | Create | Villager (Male) |
| 10:38 | Build | House |
| 10:41 | Build | Palisade Wall |
| 10:46 | Create | Skirmisher |
| 10:47 | Create | Skirmisher |
| 10:47 | Create | Skirmisher |
| 10:47 | Create | Skirmisher |
| 10:51 | Create | Villager (Male) |
| 11:02 | Build | Farm |
| 11:15 | Build | Palisade Wall |
| 11:20 | Create | Villager (Male) |
| 11:22 | Build | Palisade Wall |
| 11:23 | Build | Palisade Wall |
| 11:52 | Create | Villager (Male) |
| 11:54 | Build | Palisade Wall |
| 12:12 | Create | Villager (Male) |
| 12:14 | Build | Blacksmith |
| 12:23 | Create | Villager (Male) |
| 12:24 | Build | Mining Camp |
| 12:29 | Build | Farm |
| 12:32 | Build | Farm |
| 12:42 | Create | Villager (Male) |
| 12:44 | Build | Palisade Wall |
| 12:52 | Create | Villager (Male) |
| 12:54 | Build | Farm |
| 13:04 | Create | Villager (Male) |
| 13:17 | Create | Skirmisher |
| 13:18 | Create | Skirmisher |
| 13:19 | Create | Villager (Male) |
| 13:23 | Build | Farm |
| 13:52 | Create | Villager (Male) |
| 13:55 | Build | Farm |
| 14:00 | Build | Farm |
| 14:10 | Create | Villager (Male) |
| 14:25 | Build | Farm |
| 14:26 | Research | Fletching |
| 14:29 | Build | Farm |
| 14:44 | Build | Palisade Wall |
| 15:11 | Build | House |
| 15:16 | Build | House |
| 15:32 | Build | Palisade Wall |
| 16:15 | Research | Castle Age |
| 16:16 | Research | Castle Age |
| 16:33 | Build | Palisade Wall |
| 16:39 | Research | Horse Collar |
| 16:39 | Research | Horse Collar |
| 17:19 | Build | House |
| 17:52 | Build | Farm |
| 17:54 | Build | Farm |
| 17:59 | Research | Gold Mining |
| 17:59 | Research | Gold Mining |
| 18:26 | Build | Stable |
| 18:31 | Build | Stable |
| 18:44 | Create | Villager (Male) |
| 19:01 | Age | Castle Age |
| 19:03 | Build | Town Center |
| 19:09 | Research | Bodkin Arrow |
| 19:16 | Create | Villager (Male) |
| 19:23 | Research | Bow Saw |
| 19:24 | Create | Villager (Male) |
| 19:55 | Create | Villager (Male) |
| 19:59 | Create | Camel Scout |
| 19:59 | Create | Camel Scout |
| 20:05 | Build | Farm |
| 20:06 | Build | Farm |
| 20:14 | Create | Skirmisher |
| 20:14 | Create | Skirmisher |
| 20:16 | Create | Camel Scout |
| 20:22 | Create | Villager (Male) |
| 20:22 | Create | Villager (Male) |
| 20:43 | Create | Villager (Male) |
| 20:43 | Create | Villager (Male) |
| 20:47 | Build | Archery Range |
| 20:53 | Create | Villager (Male) |
| 20:54 | Create | Villager (Male) |
| 20:55 | Create | Villager (Male) |
| 21:00 | Research | Husbandry |
| 21:01 | Research | Bloodlines |
| 21:15 | Research | Elite Skirmisher (upgrade) |
| 21:15 | Research | Elite Skirmisher (upgrade) |
| 21:22 | Build | Palisade Gate |
| 21:32 | Research | Bodkin Arrow |
| 21:32 | Research | Bodkin Arrow |
| 21:34 | Create | Villager (Male) |
| 21:34 | Create | Villager (Male) |
| 21:38 | Build | Farm |
| 21:39 | Build | Farm |
| 21:45 | Build | Farm |
| 21:46 | Create | Skirmisher |
| 21:47 | Create | Skirmisher |
| 21:48 | Create | Villager (Male) |
| 21:49 | Create | Villager (Male) |
| 22:05 | Create | Skirmisher |
| 22:05 | Create | Skirmisher |
| 22:15 | Create | Villager (Male) |
| 22:15 | Create | Villager (Male) |
| 22:26 | Build | Farm |
Match timeline
| 5:04 | unfold · first_building Barracks |
| 7:30 | Zionic · wall_segment Palisade Wall x1 |
| 8:19 | Zionic · first_building Barracks |
| 8:26 | unfold · age_up feudal |
| 8:28 | Zionic · wall_segment Palisade Wall x1 |
| 8:29 | Zionic · wall_segment Palisade Wall x1 |
| 8:32 | Zionic · wall_segment Palisade Wall x2 |
| 8:34 | Zionic · wall_segment Palisade Wall x1 |
| 8:40 | Zionic · wall_segment Palisade Wall x2 |
| 8:48 | Zionic · wall_segment Palisade Wall x2 |
| 8:51 | Zionic · wall_segment Palisade Wall x1 |
| 8:52 | Zionic · wall_segment Palisade Wall x1 |
| 9:16 | Zionic · age_up feudal |
| 9:21 | Zionic · first_building Archery Range |
| 9:28 | unfold · first_building Archery Range |
| 9:53 | Zionic · wall_segment Palisade Wall x5 |
| 9:55 | Zionic · wall_segment Palisade Wall x2 |
| 10:05 | Zionic · wall_segment Palisade Wall x7 |
| 10:41 | unfold · wall_segment Palisade Wall x5 |
| 11:13 | Zionic · wall_segment Palisade Wall x14 |
| 11:15 | unfold · wall_segment Palisade Wall x5 |
| 11:22 | unfold · wall_segment Palisade Wall x1 |
| 11:23 | unfold · wall_segment Palisade Wall x3 |
| 11:29 | Zionic · wall_segment Palisade Wall x13 |
| 11:54 | unfold · wall_segment Palisade Wall x4 |
| 12:43 | Zionic · wall_segment Palisade Wall x4 |
| 12:44 | unfold · wall_segment Palisade Wall x4 |
| 13:13 | Zionic · wall_segment Palisade Wall x3 |
| 13:32 | Zionic · wall_segment Palisade Wall x1 |
| 13:55 | Zionic · wall_segment Palisade Wall x1 |
| 13:57 | Zionic · wall_segment Palisade Wall x1 |
| 14:44 | unfold · wall_segment Palisade Wall x10 |
| 15:32 | unfold · wall_segment Palisade Wall x5 |
| 16:33 | unfold · wall_segment Palisade Wall x4 |
| 18:14 | Zionic · first_building Stable |
| 18:26 | unfold · first_building Stable |
| 18:58 | Zionic · age_up castle |
| 19:01 | unfold · age_up castle |
| 21:53 | Zionic · first_building Monastery |
| 22:19 | Zionic · first_building Siege Workshop |
| 27:55 | unfold · first_building Castle |
| 29:16 | Zionic · first_building Castle |
| 32:47 | unfold · first_market_sell 100 food |
| 34:08 | Zionic · age_up imperial |
| 36:01 | unfold · age_up imperial |
| 44:34 | unfold · resign |
[ AI ANALYSIS · 1 CREDIT ]
What really happened in this match?
Wolo.gg analyzes every decision: build order, eco, micro, common mistakes by bracket. Personalized analysis on WhatsApp or Discord in 30 seconds.
Civ guide
Magyars
Perfil
Jugador #3025516